 Dungeon Crawl Stone Soup version 0.20.0-10-g0535bb4 (webtiles) character file.

81 xgamer67 the Scratcher (level 4, 19/19 HPs)
             Began as a Felid Transmuter on June 6, 2017.
             Quit the game on level 5 of the Dungeon.
             The game lasted 00:10:57 (3991 turns).

xgamer67 the Scratcher (Felid Transmuter)           Turns: 3991, Time: 00:10:57

Health: 19/19      AC:  1    Str:  7    XL:     4   Next: 19%
Magic:  8/8        EV: 18    Int: 15    God:
Gold:   178        SH:  0    Dex: 16    Spells: 4/7 levels left
                                        Lives:  0   Deaths: 1

rFire    . . .     SeeInvis +     - Unarmed
rCold    . . .     Gourm    .   (shield unavailable)
rNeg     . . .     Faith    .   (armour unavailable)
rPois    .         Spirit   +   (helmet unavailable)
rElec    .         Reflect  .   (cloak unavailable)
rCorr    .         Harm     .   (gloves unavailable)
MR       .....                  (boots unavailable)
Stlth    ++++......             f - amulet of guardian spirit
Regen    0.1/turn               i - ring of stealth
MPRegen  0.2/turn               (no ring)

@: quick
A: no armour, no weapons or thrown items, stealth, claws 1, fangs 3, see
invisible, carnivore 3, speed 1, shaggy fur 1, slow metabolism 1, sharp paws
a: no special abilities


You were on level 5 of the Dungeon.
You were not hungry.

You visited 1 branch of the dungeon, and saw 5 of its levels.

You collected 178 gold pieces.

Inventory:

Missiles
 a - 25 arrows
Jewellery
 f - an amulet of guardian spirit (around neck)
 i - a ring of stealth (left paw)
Scrolls
 e - 3 scrolls of teleportation {unknown}
 h - 7 scrolls of identify {unknown}
 j - a scroll of amnesia {unknown}
 k - a scroll of random uselessness {unknown}
Potions
 d - 2 potions of curing
 g - a potion of berserk rage {unknown}
 l - 2 potions of agility {unknown}
 m - a potion of haste {unknown}
Books
 b - a book of Changes

   Spells                             Type                      Level
   a - Beastly Appendage              Transmutation                1
   b - Sticks to Snakes               Transmutation                2
   c - Spider Form                    Transmutation/Poison         3
   d - Ice Form                       Ice/Transmutation            4
   e - Blade Hands                    Transmutation                5
Comestibles
 c - 3 meat rations
 n - a chunk of flesh


   Skills:
 - Level 1.0 Fighting
 - Level 2.6 Dodging
 + Level 3.8 Stealth
 + Level 5.2 Unarmed Combat
 - Level 2.0 Spellcasting
 - Level 2.1 Transmutations


You had 4 spell levels left.
You knew the following spells:

 Your Spells              Type           Power        Failure   Level  Hunger
a - Beastly Appendage     Tmut           #.....       9%          1    #......
b - Sticks to Snakes      Tmut           #.......     14%         2    ###....


Dungeon Overview and Level Annotations

Branches:
Dungeon (5/15)
 Temple: D:4-7

Altars:
Hepliaklqana
Kikubaaqudgha
Nemelex Xobeh
Okawaru
Trog
Yredelemnul

Annotations:
D:3 ThereIsNoGod's ghost, weakling GrFi


Innate Abilities, Weirdness & Mutations

You cannot wear armour.
You are incapable of wielding weapons or throwing items.
Your paws allow you to move quietly. (Stealth)
You have sharp claws.
You have razor-sharp teeth.
You have supernaturally acute eyesight. (SInv)
You are carnivorous and can eat meat at any time.
You cover ground quickly.
You are covered in fur. (AC +1)
You have a slow metabolism.
Your sharp claws are effective at attacking unaware monsters.


Message History

The gnoll shouts! x2
You scratch the gnoll but do no damage. The gnoll closely misses you.
You scratch the gnoll.
The gnoll is moderately wounded.
You closely miss the gnoll.
The gnoll is moderately wounded.
The gnoll hits you with a spear!
The gnoll hits you from afar with a spear.
There is an open door here.
A centaur comes into view.
The centaur wields a shortbow.
The centaur shoots an arrow.
The arrow hits you!
* * * LOW HITPOINT WARNING * * *
You see here an arrow.
The centaur shoots an arrow.
The arrow hits you!
Ouch! That really hurt!
You die...
You are now level 4!
You rejoin the land of the living...
You can't grasp things well enough to throw them.
Are you sure you want to abandon this character and quit the game? (Confirm with "yes".)

#.# #.........#
#.# #.........#
#.# ##.##.....#
#.# ##...##....#
#.###.....##)###
#..#.......#.#
#......_.....#
#<##.......#.#
#####..@..##.#
##...##..#
##.##..##
#....## ######


There were no monsters in sight!

Vanquished Creatures
  A hound (D:4)
  A worker ant (D:5)
  2 adders
  2 dart slugs (D:1)
  5 leopard geckos
  4 orcs
  A ball python (D:5)
  9 bats
  7 giant cockroaches
  9 goblins
  7 hobgoblins
  A jackal (D:4)
  8 kobolds
  6 frilled lizards
  9 rats
72 creatures vanquished.

Vanquished Creatures (collateral kills)
  2 worms (D:2)
2 creatures vanquished.

Grand Total: 74 creatures vanquished

Notes
Turn   | Place    | Note
-------+----------+-------------------------------------------
     0 | D:1      | xgamer67 the Felid Transmuter began the quest for the Orb.
     0 | D:1      | Reached XP level 1. HP: 9/9 MP: 4/4
   664 | D:1      | Reached XP level 2. HP: 12/12 MP: 6/6
   718 | D:1      | Learned a level 2 spell: Sticks to Snakes
  1007 | D:1      | Reached skill level 4 in Unarmed Combat
  1320 | D:1      | Reached XP level 3. HP: 13/15 MP: 7/7
  2003 | D:2      | Reached skill level 1 in Stealth
  2078 | D:2      | Found a sparkling altar of Nemelex Xobeh.
  2243 | D:2      | Reached XP level 4. HP: 19/19 MP: 8/8
  2391 | D:2      | Found a basalt altar of Yredelemnul.
  2394 | D:2      | Found a bloodstained altar of Trog.
  2396 | D:2      | Found a hazy altar of Hepliaklqana.
  2915 | D:3      | Noticed an ogre
  2925 | D:3      | Noticed ThereIsNoGod's ghost (weakling GrFi)
  3182 | D:4      | Reached skill level 5 in Unarmed Combat
  3205 | D:4      | Found an iron altar of Okawaru.
  3209 | D:5      | Entered Level 5 of the Dungeon
  3209 | D:5      | Found an ancient bone altar of Kikubaaqudgha.
  3732 | D:5      | Reached XP level 5. HP: 17/22 MP: 9/9
  3989 | D:5      | Noticed a centaur
  3990 | D:5      | Shot with an arrow by a centaur
  3991 | D:5      | Reached XP level 4. HP: -9/19 MP: 0/8
  3991 | D:5      | Quit the game

Skill      XL: |  1  2  3  4 |
---------------+-------------+-----
Unarmed Combat | 4 5 |  5.2
Stealth        | 2 3 |  3.8
Fighting       | |  1.0
Dodging        | |  2.6
Spellcasting   | |  2.0
Transmutations | |  2.1

Action                   |  1- 3 |  4- 6 || total
-------------------------+-------+-------++-------
Melee: Unarmed           |   153 |    82 ||   235
       Bite              |     8 |     1 ||     9
       Punch             |     2 |     1 ||     3
       Headbutt          |       |     1 ||     1
 Cast: Beastly Appendage |     1 |     1 ||     2
       Sticks to Snakes  |     1 |     2 ||     3
  Use: Potion            |       |     1 ||     1
 Stab: Sleeping          |     5 |     2 ||     7
       Distracted        |     1 |     1 ||     2
  Eat: Chunk             |    10 |     4 ||    14
Armor: Skin              |       |     2 ||     2
Dodge: Dodged            |   106 |    52 ||   158
